 Dungeon Crawl Stone Soup version 0.31-a0-187-gba352fbbf7 (webtiles) character file.

Game seed: 8929982300903760827

485 qw the Skirmisher (level 6, -6/35 HPs)
             Began as a Deep Elf Hunter on June 22, 2023.
             Mangled by an orc
             ... wielding a +0 flail
              (7 damage)
             ... on level 4 of the Dungeon.
             The game lasted 00:01:09 (2702 turns).

qw the Skirmisher (Deep Elf Hunter)                 Turns: 2702, Time: 00:01:10

Health: -6/35      AC:  9    Str: 10    XL:     6   Next: 88%
Magic:  8/8        EV: 11    Int: 14    God:
Gold:   268        SH:  0    Dex: 18    Spells: 5/5 levels left

rFire   . . .        j - +1 arbalest (freeze)
rCold   . . .        (shield currently unavailable)
rNeg    . . .        d - +0 ring mail
rPois   +            (no helmet)
rElec   .            (no cloak)
rCorr   .            (no gloves)
SInv    .            (no boots)
Will    .....        (no amulet)
Stlth   +            i - ring of poison resistance
HPRegen 0.25/turn    b - +4 ring of protection
MPRegen 0.11/turn

%: no passive effects
@: no status effects
A: no striking features
a: no special abilities


You were on level 4 of the Dungeon.
You visited 1 branch of the dungeon, and saw 4 of its levels.

You collected 268 gold pieces.


   Skills:
 - Level 2.0 Fighting
 + Level 10.5 Ranged Weapons
 - Level 3.0 Dodging
 - Level 1.2 Stealth


You had 5 spell levels left.
You didn't know any spells.
Your spell library was empty.

Inventory:

Hand Weapons
 j - a +1 arbalest of freezing (weapon)
Armour
 d - a +0 ring mail (worn)
Jewellery
 b - a +4 ring of protection (right hand)
 e - a ring of positive energy
 i - a ring of poison resistance (left hand)
Scrolls
 l - a scroll of revelation {unknown}
 n - a scroll of identify
Potions
 a - a potion of haste {unknown}
 c - a potion of heal wounds {unknown}
 f - a potion of magic {unknown}
 g - a potion of mutation {unknown}
 h - a potion of might {unknown}
 k - a potion of enlightenment {unknown}
 m - a potion of lignification {unknown}

Dungeon Overview and Level Annotations

Branches:
Dungeon (4/15)
 Temple: D:4-7

Altars:
Trog

Annotations:
D:4 Pikel


Message History

You kill the orc!
You hear a howl!
The orc priest calls down the wrath of Beogh upon you.
Beogh smites you!
An orc comes into view. It is wielding a +0 flail.
Pikel, Merchant of Souls comes into view.
He is wielding a +0 whip of flaming and carrying a wand of polymorph (4).
You shoot a bolt.
Pikel shouts!
The bolt hits the lemure!
The bolt freezes the lemure!
The lemure is severely wounded.
Pikel says, "It's all about the gold, really."
The orc priest looks encouraged for a moment.
You shoot a bolt. The bolt hits the lemure.
The bolt freezes the lemure.
You kill the lemure!
That felt strangely unrewarding.
A howler monkey comes into view.
The howler monkey hoots and howls with incredible vigour!
The orc priest invokes the aid of Beogh against you.
Pain shoots through your body!
You hear a shout!
You shoot a bolt. The bolt closely misses the orc priest.
The bolt hits the orc priest!
The bolt freezes the orc priest.
The orc priest is severely wounded.
The lemure hits you.
A lemure comes into view.
The orc priest closely misses you.
You shoot a bolt. The lemure shouts!
The bolt hits the orc priest!!
The bolt freezes the orc priest.
You kill the orc priest!
The lemure closely misses you.
The orc priest hits you but does no damage.
The orc priest mumbles some strange prayers to Beogh against you.
Pain shoots through your body! The lemure hits you.
Your Dodging skill increases to level 3!
You shoot a bolt. The bolt hits the lemure.
The bolt freezes the lemure.
The lemure is lightly wounded.
The howler monkey hoots and howls with incredible vigour!
The orc hits you with a +0 flail!
You die...

....# ....# ....#...
....# #)..... ....#
#.>.8. ....#
#....###...5 ....#
#....##.h.. ....#
#....##.oK# #####
#....#..o5#
#....+.8@#
#....#...# .#
#....##'##...##
#..............
######....########+#
#.........#
#.........#
#.........#
#.........#


You could see Pikel, 2 lemures, a howler monkey, an orc priest and an orc.

Vanquished Creatures
  Eustachio (D:4)
  An ogre (D:4)
  A lemure (D:4)
  An orc priest (D:4)
  Natasha (thrice) (D:3)
  An orc wizard (D:4)
  3 adders (D:2)
  An ufetubus (D:2)
  2 dart slugs
  7 orcs
  6 endoplasms
  2 giant cockroaches
  12 goblins
  8 hobgoblins
  3 jackals (D:3)
  9 quokkas
  8 ball pythons
  4 bats
  5 frilled lizards
  7 kobolds
  5 rats
90 creatures vanquished.

Notes
Turn   | Place    | Note
-------+----------+-------------------------------------------
     0 | D:1      | qw the Deep Elf Hunter began the quest for the Orb.
     0 | D:1      | Reached XP level 1. HP: 12/12 MP: 3/3
     0 | D:1      | 0 ||| qw: Version: 0.3-a-9-g12657ce
     0 | D:1      | 0 ||| qw: Game counter: 2096
     0 | D:1      | 0 ||| qw: Always use a shield: true
     0 | D:1      | 0 ||| qw: God list: Okawaru
     0 | D:1      | 0 ||| qw: Allow faded altars: false
     0 | D:1      | 0 ||| qw: Do Orc after D:15 true
     0 | D:1      | 0 ||| qw: Do second Lair branch before Depths: true
     0 | D:1      | 0 ||| qw: Lair rune preference: random
     0 | D:1      | 0 ||| qw: Plans: Normal
     0 | D:1      | 0 ||| PLANNING D:1-11
    28 | D:1      | 28 ||| FLEEEEING.
    29 | D:1      | 29 ||| FLEEEEING.
    30 | D:1      | 30 ||| FLEEEEING.
   132 | D:1      | Reached XP level 2. HP: 16/16 MP: 4/4
   147 | D:1      | Reached skill level 6 in Ranged Weapons
   509 | D:1      | Reached XP level 3. HP: 19/20 MP: 5/5
   714 | D:1      | 714 ||| UPGRADING to ring of poison resistance.
   715 | D:1      | 715 ||| UPGRADING to ring of positive energy.
   717 | D:1      | 717 ||| Stepping ~*~*~tactically~*~*~ (water).
   762 | D:1      | 762 ||| READING scroll labelled UDDEEX GELO.
   763 | D:1      | 763 ||| READING scroll labelled IVVOPTIULE.
   764 | D:1      | 764 ||| READING scroll labelled KUYCLE ICEORA.
   765 | D:1      | 765 ||| DROPPING scroll of butterflies.
   888 | D:2      | Reached skill level 7 in Ranged Weapons
   993 | D:2      | Reached XP level 4. HP: 25/25 MP: 6/6
  1115 | D:2      | Found a bloodstained altar of Trog.
  1412 | D:2      | Identified the +7 long sword "Juweh" {drain, rC+ Dex+3}
  1551 | D:2      | 1551 ||| UPGRADING to +0 ring mail.
  1561 | D:2      | 1561 ||| DROPPING +0 leather armour.
  1562 | D:2      | 1562 ||| UPGRADING to +4 ring of protection.
  1730 | D:3      | Reached skill level 8 in Ranged Weapons
  1915 | D:3      | Noticed Natasha
  1930 | D:3      | Killed Natasha
  1931 | D:3      | Reached XP level 5. HP: 9/29 MP: 7/7
  2073 | D:3      | Noticed Natasha
  2085 | D:3      | Killed Natasha
  2145 | D:3      | Noticed Natasha
  2152 | D:3      | Killed Natasha
  2218 | D:3      | 2218 ||| READING scroll labelled QEDEDI WAMOD.
  2223 | D:3      | 2223 ||| READING scroll labelled XYOMIH MAOSALL.
  2223 | D:3      | Identified a scroll of acquirement
  2223 | D:3      | 2223 ||| ACQUIRING +1 arbalest of freezing
  2223 | D:3      | Acquired a +1 arbalest of freezing
  2225 | D:3      | 2225 ||| SWAPPING to +1 arbalest of freezing.
  2226 | D:3      | 2226 ||| DROPPING +0 shortbow.
  2260 | D:4      | Reached skill level 9 in Ranged Weapons
  2271 | D:4      | HP: 4/30 [orc/+0 flail of protection (5)]
  2536 | D:4      | Noticed Eustachio
  2538 | D:4      | Noticed an ogre
  2541 | D:4      | Noticed a phantom
  2544 | D:4      | Killed an ogre
  2545 | D:4      | Reached XP level 6. HP: 17/35 MP: 8/8
  2549 | D:4      | HP: 6/35 [river rat[Eustachio] (8)]
  2551 | D:4      | Killed Eustachio
  2552 | D:4      | Reached skill level 10 in Ranged Weapons
  2572 | D:4      | 2572 ||| FLEEEEING.
  2573 | D:4      | 2573 ||| FLEEEEING.
  2697 | D:4      | Noticed Pikel
  2701 | D:4      | HP: 3/35 [orc priest/nerve-wracking pain (9)]
  2701 | D:4      | HP: 1/35 [lemure[Pikel] (2)]
  2702 | D:4      | Reached skill level 3 in Dodging
  2702 | D:4      | Mangled by an orc

Levels and vault maps discovered:
D:1:      psy_arrival_radial02, layout_basic, serial_bayou_ford_a
D:2:      kennysheep_six_static_rooms, layout_loops_ring, basic_altar
D:3:      layout_basic, uniq_natasha
D:4:      layout_gridville, nzn_wu_jian_council_hall,
          minmay_temple_entry_butterflies, grunt_ministairs_13, uniq_eustachio,
          uniq_pikel

Skill      XL: |  1  2  3  4  5  6 |
---------------+-------------------+-----
Ranged Weapons | 6 7 8 9 10 | 10.5
Fighting       | 2 |  2.0
Dodging        | 3 |  3.0
Stealth        | |  1.2

Action                     |  1- 3 |  4- 6 || total
---------------------------+-------+-------++-------
   Fire: Shortbow          |   127 |   104 ||   231
         Arbalest          |       |    43 ||    43
    Use: Scroll            |     3 |     2 ||     5
 Armour: Leather armour    |    14 |     4 ||    18
         Ring mail         |       |    31 ||    31
  Dodge: Dodged            |    33 |    45 ||    78

Table legend:
 A = Non-vault XP
 B = Vault XP
 C = Vault XP percentage of total XP
 D = Non-vault monster count
 E = Vault monster count
 F = Vault count percentage of total count
                 A         B        C        D         E       F
            +---------+---------+-------+---------+---------+-------
      Total |     393 |     300 |  43.3 |      78 |      11 |  12.4
            +---------+---------+-------+---------+---------+-------
        D:1 |      51 |       0 |   0.0 |      31 |       0 |   0.0
        D:2 |      65 |      22 |  25.3 |      18 |       6 |  25.0
        D:3 |     101 |      35 |  25.7 |      18 |       1 |   5.3
        D:4 |     176 |     243 |  58.0 |      11 |       4 |  26.7
            +---------+---------+-------+---------+---------+-------
